 Dungeon Crawl Stone Soup version 0.31-a0-1008-g5b978dac0e (webtiles) character file.

Game seed: 12363402818384395368

12392 Nameless213 the Blocker (level 11, -22/106 HPs)
             Began as a Minotaur Fighter on Nov 12, 2023.
             Was a Plaything of Xom.
             Engulfed by an ettin (glowing shapeshifter)'s freezing vapour (28 damage)
             ... on level 2 of the Lair of Beasts.
             The game lasted 00:57:58 (9574 turns).

Nameless213 the Blocker (Minotaur Fighter)          Turns: 9574, Time: 00:57:59

Health: -22/106    AC: 17    Str: 29    XL:     11   Next: 61%
Magic:  10/10      EV:  8    Int:  8    God:    Xom [....*.]
Gold:   566        SH: 17    Dex: 13    Spells: 10/10 levels left

rFire   . . .        f - +0 whip
rCold   x . .        a - +0 tower shield
rNeg    . . .        Z - +0 plate armour
rPois   .            (helmet restricted)
rElec   .            K - +0 cloak
rCorr   .            i - +0 pair of gloves
SInv    .            (no boots)
Will    .....        Y - amulet of regeneration Stlth
                     H - ring of fire
HPRegen 1.17/turn    R - +6 ring of strength
MPRegen 0.12/turn

%: no passive effects
@: about to teleport, very slow
A: horns 2, retaliatory headbutt, fangs 1, agile 1, clever 1, robust 1, heat
vulnerability 1
a: Renounce Religion


You were on level 2 of the Lair of Beasts.
You worshipped Xom.
You were a beloved toy of Xom.
You visited 3 branches of the dungeon, and saw 13 of its levels.

You collected 566 gold pieces.

Inventory:

Hand Weapons
 f - a +0 whip (weapon)
 L - the +5 war axe "Inunofuk" {pain, rElec}
   (You found it on level 6 of the Dungeon)

   rElec:     It insulates you from electricity.
 Q - a +2 short sword of protection
 T - a +2 dagger of venom
Armour
 a - a +0 tower shield (worn)
 h - a +2 buckler
 i - a +0 pair of gloves (worn)
 r - a +0 chain mail
 v - a +1 leather armour of fire resistance
 D - a +2 hat
 F - a +0 robe of positive energy
 K - a +0 cloak (worn)
 Z - a +0 plate armour (worn)
Magical Staves
 b - a staff of earth
 g - a staff of death
 O - a staff of conjuration
Jewellery
 H - a ring of fire (left hand)
 P - a ring of fire
 R - a +6 ring of strength (right hand)
 U - an amulet of reflection
 Y - an amulet of regeneration (around neck)
Talismans
 I - a beast talisman
Wands
 E - a wand of digging (5)
 X - a wand of paralysis (2)
Scrolls
 j - 3 scrolls of summoning
 k - 5 scrolls of identify
 l - 3 scrolls of teleportation
 o - 2 scrolls of immolation {unknown}
 q - 3 scrolls of enchant armour
 t - a scroll of poison {unknown}
 w - a scroll of fear {unknown}
 y - a scroll of fog {unknown}
 A - a scroll of torment {unknown}
 B - 3 scrolls of enchant weapon {unknown}
 C - a scroll of noise {unknown}
 G - 2 scrolls of revelation {unknown}
 N - 2 scrolls of vulnerability {unknown}
 V - a scroll of blinking {unknown}
Potions
 c - a potion of berserk rage {unknown}
 d - a potion of might
 e - 2 potions of curing {unknown}
 m - 2 potions of enlightenment {unknown}
 n - 2 potions of haste {unknown}
 p - 2 potions of lignification {unknown}
 s - 3 potions of brilliance
 x - a potion of degeneration {unknown}
 z - 5 potions of mutation {unknown}
 J - 2 potions of cancellation {unknown}
 M - a potion of magic {unknown}
 S - 2 potions of resistance {unknown}
 W - a potion of attraction {unknown}


   Skills:
 + Level 9.0 Fighting
 - Level 12.0 Maces & Flails
 + Level 10.9 Armour
 + Level 4.6 Dodging
 + Level 3.3 Stealth
 + Level 12.3 Shields
 + Level 1.0 Shapeshifting


You had 10 spell levels left.
You didn't know any spells.
Your spell library contained the following spells:

 Spells                   Type           Power      Damage    Failure   Level
 Magic Dart               Conj           0%         1d3       100%        1
 Necrotise                Necr           0%         1d4       100%        1
 Scorch                   Fire           0%         2d5       100%        2
 Searing Ray              Conj           0%         2d4       100%        2
 Static Discharge         Conj/Air       0%         3-3/arc   100%        2
 Call Canine Familiar     Summ           0%         N/A       100%        3
 Sigil of Binding         Hex            0%         N/A       100%        3
 Vampiric Draining        Necr           0%         2d6       100%        3
 Airstrike                Air            0%         2d(0-16)  100%        4
 Animate Armour           Summ/Erth      0%         N/A       100%        4
 Dimensional Bullseye     Hex/Tloc       0%         N/A       100%        4
 Flame Wave               Conj/Fire      0%         2d4       100%        4
 Fulminant Prism          Conj/Hex       0%         3d5       100%        4
 Leda's Liquefaction      Hex/Erth       0%         N/A       100%        4
 Summon Lightning Spire   Summ/Air       0%         N/A       100%        4
 Vhi's Electric Charge    Tloc/Air       0%         N/A       100%        4
 Agony                    Necr           0%         N/A       100%        5
 Arcjolt                  Conj/Air       0%         1d10      100%        5
 Lee's Rapid Deconstruct  Erth           0%         3d4*      100%        5
 Plasma Beam              Fire/Air       0%         2x1d10    100%        6
 Summon Cactus Giant      Summ           0%         N/A       100%        6


Dungeon Overview and Level Annotations

Branches:
Dungeon (10/15)            Temple (1/1) D:6            Lair (2/5) D:8
 Shoals (0/4) Lair:2          Orc (0/2) D:10
  Snake: Lair:2-3    Spider: Lair:2-3

Altars:
Ashenzari
Cheibriados
Dithmenos
Elyvilon
Fedhas
Gozag
Hepliaklqana
Kikubaaqudgha
Makhleb
Nemelex Xobeh
Okawaru
Qazlal
Ru
Sif Muna
Trog
Uskayaw
Vehumet
Wu Jian
Xom
Yredelemnul
Zin
The Shining One

Shops:
D:7 (


Innate Abilities, Weirdness & Mutations

You have a pair of horns on your head.
You reflexively headbutt those who attack you in melee.
You have very sharp teeth.
You are agile. (Dex +4, Str/Int -1)
Your mind is acute. (Int +4, Str/Dex -1)
You are robust. (+10% HP)
You are vulnerable to heat. (rF-)


Message History

The five-headed hydra bites you.
You block the five-headed hydra's attack.
The five-headed hydra bites you but does no damage. x2
Your unstable footing causes you to fumble your attack.
The five-headed hydra changes into an ice dragon!
You closely miss the ice dragon. Your bite misses the ice dragon.
You hit the ice dragon but do no damage.
You block the ice dragon's attack. The ice dragon claws you.
The ice dragon tramples you but does no damage.
Your unstable footing causes you to fumble your attack.
You whack the ice dragon!
The ice dragon is lightly wounded.
You block the ice dragon's attack. x2
The ice dragon tramples you but does no damage.
Your unstable footing causes you to fumble your attack.
Your unstable footing causes you to fumble your attack.
Xom smirks.
You feel aware of your surroundings. The ice dragon breathes frost at you.
The blast of cold hits you!!!
You feel a terrible chill!
Xom roars with laughter!
Your unstable footing causes you to fumble your attack.
You are engulfed in freezing vapours.
* * * LOW HITPOINT WARNING * * *
You block the ice dragon's attack.
The ice dragon claws you but does no damage.
You block the ice dragon's attack.
You hit the ice dragon but do no damage.
You bite the ice dragon, but do no damage.
The ice dragon is lightly wounded.
You are engulfed in freezing vapours.
* * * LOW HITPOINT WARNING * * *
Your unstable footing causes you to fumble your attack.
You are engulfed in freezing vapours.
* * * LOW HITPOINT WARNING * * *
The ice dragon changes into an ettin!
As you read the scroll of teleportation, it crumbles to dust.
You feel strangely unstable.
You are engulfed in freezing vapours.
You die...
Xom snickers!

#.##......5#### *#.P#
##.........######## **,.##
#..P..............# *,,,,*
...#.......###P..~# **,,**
####.......#*###~##*****,,*
#.......#~~~#~#~~~**,,**
#.#.....#~~~#~#~~~#*,.P*
####.#.##P###~###Y#**.#* #
#.......#°°°°@CYY$###.## #
*#......#P###~###~##.+.#####
#####......#~~~#~#~~~#........##
#...'......#~~>#~#~~~#.........#*
#.###....>.#####~#####..........*
..##.......#P.#...#............#*
#.##P......'......÷...........##
.#.##......###.P###...........#
#####......###### ###.'#.##.#.#


You could see an ettin shaped shifter and 3 yaks.

Vanquished Creatures
  A two-headed ogre (D:10)
  A black mamba (Lair:2)
  2 cane toads
  A torpor snail (Lair:1)
  A komodo dragon (Lair:2)
  A rime drake (Lair:2)
  8 blink frogs
  3 dream sheep (Lair:1)
  A vampire (D:9)
  A wyvern (Lair:1)
  14 yaks
  A steam dragon (D:8)
  7 water moccasins
  A sky beast (D:7)
  4 orc warriors
  An ice beast (D:7)
  3 black bears
  2 phantoms
  A kobold brigand (D:7)
  A centaur (D:9)
  9 bullfrogs
  A gnoll sergeant (D:9)
  A scorpion (D:5)
  4 wights (D:6)
  7 killer bees
  6 howler monkeys
  2 hounds
  5 jellies
  8 orc priests
  3 iguanas
  14 orc wizards
  5 adders
  7 gnolls
  A shadow imp (D:5)
  A white imp (D:5)
  6 ufetubi
  5 worms
  3 dart slugs
  31 orcs
  7 bats
  13 endoplasms
  2 goblins (D:1)
  5 hobgoblins
  2 jackals (D:2)
  9 kobolds
  2 quokkas
  6 ball pythons
  2 frilled lizards (D:1)
  5 rats
227 creatures vanquished.

Vanquished Creatures (collateral kills)
  A hydra (Lair:2)
  3 dream sheep (Lair:1)
  Menkaure (D:7)
  A hound (D:4)
6 creatures vanquished.

Vanquished Creatures (others)
  A yak (Lair:2)
1 creature vanquished.

Grand Total: 234 creatures vanquished

Notes
Turn   | Place    | Note
-------+----------+-------------------------------------------
     0 | D:1      | Nameless213 the Minotaur Fighter began the quest for the
                  | Orb.
     0 | D:1      | Reached XP level 1. HP: 19/19 MP: 0/0
   184 | D:1      | Reached XP level 2. HP: 27/27 MP: 1/1
   762 | D:2      | Reached XP level 3. HP: 16/33 MP: 2/2
  1612 | D:3      | Reached XP level 4. HP: 40/40 MP: 3/3
  1736 | D:3      | Reached skill level 1 in Dodging
  1947 | D:3      | Found a faded altar of an unknown god.
  2294 | D:4      | Reached XP level 5. HP: 26/47 MP: 4/4
  2382 | D:4      | Reached skill level 5 in Armour
  2487 | D:4      | Found a shimmering altar of Xom.
  2521 | D:4      | Became a worshipper of Xom of Chaos
  2830 | D:4      | Reached skill level 5 in Maces & Flails
  2830 | D:4      | Reached XP level 6. HP: 51/53 MP: 5/5
  2902 | D:4      | XOM: silly message
  2989 | D:4      | HP: 2/53 [gnoll/+0 halberd (10)]
  3001 | D:4      | XOM: silly message
  3109 | D:4      | XOM: summons 1 hostile demon
  3215 | D:5      | Entered Level 5 of the Dungeon
  3243 | D:5      | XOM: potion effect (haste)
  3425 | D:5      | Reached XP level 7. HP: 60/60 MP: 6/6
  3448 | D:5      | Found a white marble altar of Elyvilon.
  3527 | D:5      | Found a shimmering blue altar of Sif Muna.
  3547 | D:5      | XOM: enchant monster (bad)
  3560 | D:5      | XOM: enchant monster (good)
  3764 | D:5      | Reached skill level 1 in Stealth
  4000 | D:5      | Reached skill level 5 in Fighting
  4102 | D:6      | Found a staircase to the Ecumenical Temple.
  4226 | D:6      | Identified the +5 war axe "Inunofuk" {pain, rElec}
  4280 | D:6      | XOM: noise
  4343 | D:6      | Reached XP level 8. HP: 46/68 MP: 7/7
  4490 | D:6      | Reached skill level 5 in Shields
  4527 | D:6      | XOM: cast spell 'Dispersal'
  4570 | Temple   | Entered the Ecumenical Temple
  4622 | Temple   | XOM: noise
  4636 | D:6      | XOM: summons 1 hostile demon
  4760 | D:6      | Reached skill level 1 in Shapeshifting
  4967 | D:7      | Noticed Menkaure
  5031 | D:7      | XOM: divination: detect creatures
  5073 | D:7      | XOM: confusion
  5080 | D:7      | XOM: cast spell 'Summon Horrible Things'
  5082 | D:7      | Killed Menkaure
  5083 | D:7      | Found a burning altar of Makhleb.
  5083 | D:7      | Found a glowing golden altar of the Shining One.
  5083 | D:7      | Found a stormy altar of Qazlal.
  5083 | D:7      | Found a shadowy altar of Dithmenos.
  5085 | D:7      | XOM: fog
  5160 | D:7      | XOM: scenery: summon butterflies
  5363 | D:7      | Found Wippaq's Weapon Boutique.
  5484 | D:7      | Found a sacrificial altar of Ru.
  5485 | D:7      | Found a hide-covered altar of Uskayaw.
  5485 | D:7      | Found a radiant altar of Vehumet.
  5491 | D:7      | Found an ancient bone altar of Kikubaaqudgha.
  5494 | D:7      | Found a hazy altar of Hepliaklqana.
  5514 | D:7      | XOM: snakes to sticks
  5517 | D:7      | Reached XP level 9. HP: 39/75 MP: 8/8
  5822 | D:7      | XOM: give mutations
  5822 | D:7      | Gained mutation: You have a pair of large horns on your
                  | head. [Xom's grace]
  5822 | D:7      | Gained mutation: Your flesh is cold resistant. (rC+) [Xom's
                  | grace]
  5822 | D:7      | Gained mutation: You passively dampen the noise of your
                  | surroundings. [Xom's grace]
  5822 | D:7      | Gained mutation: You are agile. (Dex +4, Str/Int -1) [Xom's
                  | grace]
  5896 | D:7      | You fall into a shaft and drop 3 floors!
  5896 | D:10     | Entered Level 10 of the Dungeon
  5919 | D:10     | XOM: potion effect (heal wounds)
  5946 | D:10     | Noticed a two-headed ogre
  5972 | D:10     | XOM: god gift: scroll of teleportation
  5973 | D:10     | Killed a two-headed ogre
  5974 | D:10     | Reached skill level 10 in Maces & Flails
  6062 | D:10     | XOM: swap monsters
  6134 | D:10     | XOM: noise
  6223 | D:10     | Found a staircase to the Orcish Mines.
  6443 | D:10     | XOM: god gift: bubbling clear potion {god gift}
  6543 | D:10     | XOM: fog
  6704 | D:9      | Reached XP level 10. HP: 45/84 MP: 9/9
  6747 | D:9      | XOM: god gift: falchion {god gift}
  7055 | D:9      | Found a blossoming altar of Fedhas.
  7302 | D:9      | XOM: summons 4 hostile demons
  7673 | D:8      | Found a staircase to the Lair.
  7791 | D:8      | XOM: give mutations
  7791 | D:8      | Gained mutation: You are vulnerable to heat. (rF-) [Xom's
                  | mischief]
  7791 | D:8      | Lost mutation: Your flesh is cold resistant. (rC+) [Xom's
                  | mischief]
  7791 | D:8      | Lost mutation: You have a pair of large horns on your head.
                  | [Xom's mischief]
  7791 | D:8      | Gained mutation: You have very sharp teeth. [Xom's
                  | mischief]
  7947 | Lair:1   | XOM: noise
  7947 | Lair:1   | Entered Level 1 of the Lair of Beasts
  7947 | Lair:1   | Noticed a torpor snail
  7949 | Lair:1   | XOM: potion effect (might)
  7950 | Lair:1   | Noticed a cane toad
  7957 | Lair:1   | Killed a cane toad
  7971 | Lair:1   | Killed a torpor snail
  7980 | Lair:1   | XOM: enchant monster (bad)
  8074 | Lair:1   | XOM: give mutations
  8074 | Lair:1   | Gained mutation: Your mind is acute. (Int +4, Str/Dex -1)
                  | [Xom's mischief]
  8074 | Lair:1   | Lost mutation: You passively dampen the noise of your
                  | surroundings. [Xom's mischief]
  8074 | Lair:1   | Gained mutation: Your spells are a little easier to cast,
                  | but a little less powerful. [Xom's mischief]
  8074 | Lair:1   | Gained mutation: You are robust. (+10% HP) [Xom's mischief]
  8103 | Lair:1   | XOM: give mutation
  8103 | Lair:1   | Lost mutation: Your spells are a little easier to cast, but
                  | a little less powerful. [Xom's grace]
  8212 | Lair:1   | XOM: god gift: 25 gold pieces
  8216 | Lair:1   | XOM: summons 3 friendly demons
  8226 | Lair:1   | XOM: enchant monster (good)
  8227 | Lair:1   | XOM: summons 4 friendly demons
  8233 | Lair:1   | Reached skill level 10 in Shields
  8235 | Lair:1   | Reached skill level 10 in Armour
  8381 | Lair:1   | Reached XP level 11. HP: 103/103 MP: 10/10
  8399 | Lair:1   | XOM: enchant monster (good)
  8403 | Lair:1   | XOM: summons friendly shadow imp
  8409 | Lair:1   | XOM: confuse monster(s)
  8418 | Lair:1   | XOM: potion effect (berserk rage)
  8421 | Lair:1   | XOM: potion effect (heal wounds)
  8443 | Lair:1   | XOM: noise
  8522 | Lair:1   | XOM: noise
  8539 | Lair:1   | XOM: confuse monster(s)
  8577 | Lair:1   | XOM: divination: detect items
  8775 | Lair:2   | XOM: noise
  8779 | Lair:2   | XOM: silly message
  8788 | Lair:2   | XOM: enchant monster (bad)
  8791 | Lair:2   | XOM: confusion
  8793 | Lair:2   | XOM: cleaving
  8807 | Lair:1   | XOM: polymorph blink frog -> water moccasin
  8988 | Lair:2   | XOM: summons friendly quasit
  9019 | Lair:2   | Noticed a seven-headed hydra
  9028 | Lair:2   | Killed a seven-headed hydra
  9047 | Lair:2   | XOM: confuse monster(s)
  9113 | Lair:2   | Noticed a lindwurm
  9143 | Lair:2   | Noticed a lindwurm
  9143 | Lair:2   | Noticed a lindwurm
  9146 | Lair:2   | XOM: cleaving
  9183 | Lair:2   | XOM: 5-stop teleportation journey
  9354 | Lair:2   | XOM: divination: detect items
  9363 | Lair:2   | XOM: scenery: 1 doors open
  9364 | Lair:2   | a lindwurm changed into a two-headed ogre
  9364 | Lair:2   | Noticed a two-headed ogre
  9364 | Lair:2   | XOM: polymorph lindwurm -> two-headed ogre
  9365 | Lair:2   | Noticed a lindwurm
  9370 | Lair:2   | XOM: summons 2 friendly demons
  9405 | Lair:2   | XOM: noise
  9410 | Lair:2   | a manticore changed into a glowing shapeshifter
  9410 | Lair:2   | Noticed a glowing shapeshifter (glowing shapeshifter)
  9410 | Lair:2   | XOM: polymorph manticore -> glowing shapeshifter
  9411 | Lair:2   | a glowing shapeshifter changed into a tyrant leech
  9412 | Lair:2   | a tyrant leech changed into an ettin
  9412 | Lair:2   | Noticed an ettin (glowing shapeshifter)
  9420 | Lair:2   | an ettin changed into a broodmother
  9420 | Lair:2   | Noticed a broodmother (glowing shapeshifter)
  9423 | Lair:2   | a broodmother changed into a goliath frog
  9423 | Lair:2   | Noticed a goliath frog (glowing shapeshifter)
  9429 | Lair:2   | XOM: blink monster(s)
  9430 | Lair:2   | a goliath frog changed into a fire dragon
  9430 | Lair:2   | Noticed a fire dragon (glowing shapeshifter)
  9435 | Lair:2   | HP: 1/106 [fire dragon (glowing shapeshifter) (7)]
  9440 | Lair:2   | XOM: summons friendly quasit
  9532 | Lair:2   | Noticed a dire elephant
  9536 | Lair:2   | XOM: summons 2 friendly demons
  9546 | Lair:2   | XOM: summons friendly shadow imp
  9551 | Lair:2   | XOM: enchant monster (good)
  9551 | Lair:2   | a dire elephant changed into a formless jellyfish
  9551 | Lair:2   | Noticed a formless jellyfish (glowing shapeshifter)
  9553 | Lair:2   | a formless jellyfish changed into a great orb of eyes
  9553 | Lair:2   | Noticed a great orb of eyes (glowing shapeshifter)
  9558 | Lair:2   | a great orb of eyes changed into a five-headed hydra
  9558 | Lair:2   | Noticed a five-headed hydra (glowing shapeshifter)
  9564 | Lair:2   | a five-headed hydra changed into an ice dragon
  9564 | Lair:2   | Noticed an ice dragon (glowing shapeshifter)
  9570 | Lair:2   | XOM: divination: magic mapping
  9573 | Lair:2   | HP: 5/106 [ice dragon (glowing shapeshifter)] (13)]
  9573 | Lair:2   | an ice dragon changed into an ettin
  9573 | Lair:2   | Noticed an ettin (glowing shapeshifter)
  9574 | Lair:2   | Engulfed by an ettin (glowing shapeshifter)'s freezing
                  | vapour

Illustrated notes

Levels and vault maps discovered:
D:1:      amcnicky_arrival_choice, layout_loops_cross, minmay_liquid_box
D:2:      layout_basic
D:3:      layout_basic, dreamdust_ecumenical_altar_statues, serial_park_tiny_1
D:4:      layout_loops_corners, dk_xom_monty_hall, kennysheep_generic_room_5
D:5:      layout_basic, kennysheep_mini_moat, elyvilon_altar_4
D:6:      layout_loops_ring, minmay_temple_entry_antechambers
D:7:      layout_basic, nicolae_overflow_hallway_of_the_gods, serial_shops,
          nicolae_shop_bloodbath_and_beyond, uniq_menkaure
D:8:      layout_loops_ring, lair_entry_dummy, nrook_loot_triangle
D:9:      layout_basic, lemuel_round_altar
D:10:     layout_layer_cave, orc_0_dummy
Temple:   nicolae_temple_bog_church
Lair:1:   hellmonk_destroyed_diamonds, layout_regular_city,
          lightli_volcano_entry_magma_tube, nicolae_lair_grazing_beasts
          [nicolae_sub_lair_graze_edge, nicolae_sub_lair_graze_edge,
          nicolae_sub_lair_graze_edge, nicolae_sub_lair_graze_edge],
          infiniplex_staircase_pool_2, serial_bayou_shore_b
Lair:2:   layout_roguey, mainiacjoe_shoals_entry_four_pools,
          minmay_lindwurm_lava

Skill      XL: |  1  2  3  4  5  6  7  8  9 10 11 |
---------------+----------------------------------+-----
Shields        | 4 6 10 12 | 12.3
Fighting       | 4 5 6 8 9 |  9.0
Maces & Flails | 3 4 5 6 7 9 11 12 | 12.0
Armour         | 4 5 6 7 8 9 10 | 10.9
Dodging        | 1 2 3 4 |  4.6
Stealth        | 1 2 3 |  3.3
Shapeshifting  | 1 |  1.0

Action                     |  1- 3 |  4- 6 |  7- 9 | 10-12 || total
---------------------------+-------+-------+-------+-------++-------
  Melee: Whip              |   103 |   205 |   399 |   469 ||  1176
         Flail             |     1 |       |       |       ||     1
         Headbutt          |    18 |    43 |    84 |    96 ||   241
         Bite              |       |       |       |    48 ||    48
    Use: Scroll            |       |     2 |     3 |     5 ||    10
         Potion            |       |     1 |     3 |     1 ||     5
   Stab: Paralysed         |       |       |     5 |       ||     5
         Confused          |       |       |     1 |     1 ||     2
 Armour: Scale mail        |    58 |       |       |       ||    58
         Chain mail        |    21 |   119 |   242 |   102 ||   484
         Plate armour      |       |       |       |   138 ||   138
  Dodge: Dodged            |    56 |    45 |   126 |    89 ||   316
  Block: Buckler           |    35 |    37 |   116 |       ||   188
         Tower shield      |       |       |       |   327 ||   327
         Reflection        |       |       |       |     7 ||     7
   Form: Beast             |       |     1 |       |       ||     1
                           |       |       |     1 |       ||     1

Table legend: (Time is in decaauts)
 A = Elapsed time spent in this place.
 B = Non-inter-level travel time spent in this place.
 C = Inter-level travel time spent in this place.
 D = Time resting spent in this place.
 E = Time spent auto-exploring this place.
 F = Levels seen in this place.
 G = Mean time per level.
                   A        B        C        D        E       F      G
               +--------+--------+--------+--------+--------+-----+--------+
         Total |   9284 |   2222 |   7062 |      0 |      6 |  13 |  714.2 |
       Dungeon |   7671 |   1662 |   6009 |      0 |      6 |  10 |  767.1 |
        Temple |     58 |      6 |     52 |      0 |      0 |   1 |   58.0 |
          Lair |   1555 |    555 |   1000 |      0 |      0 |   2 |  777.5 |
               +--------+--------+--------+--------+--------+-----+--------+

Top non-repeatable levels by time:
     D:4: 1083 daAuts
     D:7: 1052 daAuts
  Lair:1: 869 daAuts
     D:2: 803 daAuts
     D:5: 791 daAuts
     D:1: 742 daAuts
    D:10: 733 daAuts
  Lair:2: 685 daAuts
     D:9: 677 daAuts
     D:6: 672 daAuts
     D:3: 568 daAuts
     D:8: 545 daAuts
  Temple: 58 daAuts
